 Dungeon Crawl Stone Soup version 0.27.1-34-g3ba077fa99 (webtiles) character file.

Game seed: 18104703034636095802

78 safid the Shield-Bearer (level 4, -1/40 HPs)
             Began as a Hill Orc Fighter on Jan 8, 2022.
             Succumbed to an orc wizard's poison
             ... on level 3 of the Dungeon.
             The game lasted 00:03:05 (1553 turns).

safid the Shield-Bearer (Hill Orc Fighter)          Turns: 1553, Time: 00:03:06

Health: -1/40      AC: 12    Str: 17 (19) XL:     4   Next: 36%
Magic:  4/4        EV: 11    Int:  5 (8)  God:
Gold:   61         SH:  9    Dex:  9 (10) Spells: 3/3 levels left

rFire    . . .     SeeInvis .   a - +0 war axe
rCold    . . .     Faith    .   c - +0 kite shield
rNeg     . . .     Spirit   .   b - +0 scale mail
rPois    .         Reflect  .   (helmet restricted)
rElec    +         Harm     .   (no cloak)
rCorr    .         Rampage  .   e - +0 pair of gloves
Will     .....                  (no boots)
Stlth    ..........             (no amulet)
HPRegen  0.13/turn              l - +4 ring of evasion
MPRegen  0.09/turn              k - +4 ring of protection

@: lethally poisoned (-1 -> -11)
A: antennae 1, claws 1, electricity resistance, MP-powered wands
a: no special abilities


You were on level 3 of the Dungeon.
You visited 1 branch of the dungeon, and saw 3 of its levels.

You collected 61 gold pieces.

Inventory:

Hand Weapons
 a - a +0 war axe (weapon)
Missiles
 h - 34 poisoned darts (quivered)
Armour
 b - a +0 scale mail (worn)
 c - a +0 kite shield (worn)
 e - a +0 pair of gloves (worn)
Jewellery
 k - a +4 ring of protection (right hand)
 l - a +4 ring of evasion (left hand)
Scrolls
 f - a scroll of enchant armour {unknown}
 i - 2 scrolls of amnesia {unknown}
 p - a scroll of identify {unknown}
Potions
 d - a potion of might
 q - a potion of heal wounds


   Skills:
 - Level 4.0 Fighting
 + Level 4.0 Axes
 - Level 4.0 Armour
 + Level 4.1 Shields


You had 3 spell levels left.
You didn't know any spells.
Your spell library was empty.

Dungeon Overview and Level Annotations

Branches:
Dungeon (3/15)

Altars:

Annotations:
D:3 Sigmund


Innate Abilities, Weirdness & Mutations

You have a pair of small antennae on your head.
You have sharp fingernails.
You are resistant to electric shocks. (rElec)
You expend magic power (3 MP) to strengthen your wands.


Message History

You feel very sick. Something hits you but does no damage.
The orc wizard mumbles some strange words.
The orc wizard flickers and vanishes!
You miss something. x2
You feel very sick. Something hits you but does no damage. Something hits you.
Something hits you but does no damage. x2
You barely miss something. x2; You feel sick.
Something hits you.
You are more poisoned.
Something hits you.
You miss something. You closely miss something.
You feel very sick. Something hits you but does no damage.
You block something's attack.
You hear some strange, mumbled words.
Something tries to affect you, but you resist.
Something hits you but does no damage.
You miss something. You closely miss something.
You feel very sick. Something hits you.
You are lethally poisoned!
Something hits you.
You closely miss something. x2
* * * LOW HITPOINT WARNING * * *
You feel very sick.
You hear some strange, mumbled words.
A magic dart appears from out of thin air!
The magic dart hits you.
* * * LOW HITPOINT WARNING * * *
Something hits you but does no damage. You block something's attack.
Something hits you but does no damage.
Your shield and scale mail prevent you from hitting something.
You miss something.
* * * LOW HITPOINT WARNING * * *
You feel very sick.
You hear some strange, mumbled words.
Something tries to affect you, but you resist.
Something hits you but does no damage.
You closely miss something. x2
You die...

### ### #.. ..# ### #.#
#.# ..# ### #.# #.#
#.##### ....###.## #.#
#.#...
.........###.####.#.####
.......@{...............
#######{.....####.#.####
#.#.#### #.#.# #.#...
#.#.# #.#.#.# #.#)#
#.#.#.# #.#.# #.#.# #
#.#.# #.#.. #.#.# #. #.
#.#.#


There were no monsters in sight!

Vanquished Creatures
  3 adders
  A white imp (D:3)
  4 dart slugs
  2 orcs (D:3)
  3 endoplasms
  2 giant cockroaches
  3 hobgoblins (D:1)
  4 jackals (D:1)
  A quokka (D:2)
  4 goblins
  4 kobolds
  4 rats
35 creatures vanquished.

Notes
Turn   | Place    | Note
-------+----------+-------------------------------------------
     0 | D:1      | safid the Hill Orc Fighter began the quest for the Orb.
     0 | D:1      | Reached XP level 1. HP: 19/19 MP: 1/1
    47 | D:1      | Reached XP level 2. HP: 20/27 MP: 2/2
   511 | D:1      | Reached XP level 3. HP: 33/33 MP: 3/3
  1388 | D:3      | Noticed Sigmund
  1406 | D:3      | Reached XP level 4. HP: 32/40 MP: 4/4
  1542 | D:3      | Gained mutation: You are resistant to electric shocks.
                  | (rElec) [potion of mutation]
  1542 | D:3      | Gained mutation: You expend magic power (3 MP) to
                  | strengthen your wands. [potion of mutation]
  1542 | D:3      | Gained mutation: You have a pair of small antennae on your
                  | head. [potion of mutation]
  1542 | D:3      | Gained mutation: You have sharp fingernails. [potion of
                  | mutation]
  1552 | D:3      | HP: 1/40 [poisoned by an orc wizard]
  1553 | D:3      | Succumbed to an orc wizard's poison

Illustrated notes

Levels and vault maps discovered:
D:1:      tarquinn_simple_flora_water_b, layout_rooms
D:2:      layout_loops_ring, serial_glass, glass_columns_a, glass_columns_b,
          glass_columns_c, glass_columns_b, glass_columns_a, glass_columns_a,
          glass_columns_a, glass_columns_a, grunt_ministairs_6
D:3:      layout_basic, nicolae_hepliaklqana_ecumenical_no_more,
          minmay_misc_feat_encased, uniq_terence, uniq_sigmund

Skill      XL: |  1  2  3  4 |
---------------+-------------+-----
Axes           | 3 4 |  4.0
Fighting       | 4 |  4.0
Armour         | 4 |  4.0
Shields        | 4 |  4.1

Action                   |  1- 3 |  4- 6 || total
-------------------------+-------+-------++-------
Melee: War axe           |   102 |    17 ||   119
  Use: Potion            |       |     6 ||     6
Armor: Scale mail        |    55 |    26 ||    81
Dodge: Dodged            |    51 |     9 ||    60
Block: Kite shield       |    48 |    10 ||    58
